 Dungeon Sprint DCSS version 0.32-a0-876-gcfddb08e57 (webtiles) character file.

Game seed: 7706116887994953230

25 Conn the Firebug (level 3, -1/33 HPs)
             Began as an Octopode Fire Elementalist on Apr 1, 2024.
             Was a Priest of Sif Muna.
             Slain by a centaur (3 damage)
             ... in the Dungeon (Sprint VII: "The Pits").
             The game lasted 00:01:50 (325 turns).

Conn the Firebug (Octopode Fire Elementalist)        Turns: 325, Time: 00:01:50

Health: -1/33      AC:  1    Str:  7    XL:     3   Next: 4%
Magic:  1/7        EV: 12    Int: 19    God:    Sif Muna [***...]
Gold:   0          SH:  0    Dex: 12    Spells: 2/8 levels left

rFire   . . .        g - +2 trident (venom)
rCold   . . .        (no shield)
rNeg    . . .        (helmet restricted)
rPois   .            (no amulet)
rElec   .            (no ring)
rCorr   .            (no ring)
SInv    .            (no ring)
Will    .....        (no ring) Stlth
                     (no ring)
HPRegen 0.25/turn    (no ring)
MPRegen 0.10/turn    (no ring)
                     (no ring)

%: no teleportation
@: berserking, very quick
A: almost no armour, amphibious, 8 rings, camouflage 1, gelatinous body 1,
(nimble swimmer 1), tentacles
a: Renounce Religion, Channel Magic, Forget Spell


You were in the Dungeon.
You worshipped Sif Muna.
Sif Muna was most pleased with you.
You visited 1 branch

Inventory:

Hand Weapons
 g - a +2 trident of venom (weapon)
Scrolls
 f - a scroll of blinking
 i - 2 scrolls of vulnerability
 j - 5 scrolls of amnesia
 k - a scroll of butterflies
Potions
 a - 5 potions of magic
 d - a potion of haste
 e - 2 potions of berserk rage
 h - 2 potions of invisibility


   Skills:
 + Level 0.4 Fighting
 + Level 1.0 Polearms
 + Level 2.8 Dodging
 + Level 3.4 Stealth
 + Level 3.1 Spellcasting
 + Level 1.4 Conjurations
 + Level 4.7 Fire Magic


You had 2 spell levels left.
You knew the following spells:

 Your Spells              Type           Power      Damage    Failure   Level
a - Foxfire               Conj/Fire      56%        2x1d6     4%          1
b - Scorch                Fire           42%        2d6       3%          2
c - Inner Flame           Hex/Fire       12%        N/A       17%         3

Your spell library contained the following spells:

 Spells                   Type           Power      Damage    Failure   Level
 Volatile Blastmotes      Fire/Tloc      24%        2d12      17%         3
 Flame Wave               Conj/Fire      14%        2d6       38%         4


Dungeon Overview and Level Annotations

Branches:
Dungeon (1/1)

Altars:
Ashenzari
Cheibriados
Dithmenos
Elyvilon
Fedhas
Gozag
Hepliaklqana
Kikubaaqudgha
Makhleb
Nemelex Xobeh
Okawaru
Qazlal
Ru
Sif Muna
Trog
Uskayaw
Vehumet
Wu Jian
Xom
Yredelemnul
Zin
The Shining One
Beogh
Jiyva
Lugonu


Innate Abilities, Weirdness & Mutations

You cannot wear most types of armour.
You are amphibious.
You can wear up to eight rings at the same time.
Your skin changes colour to match your surroundings (Stealth+).
Your rubbery body absorbs attacks. (AC +1, EV +1)
((You are camouflaged when in or above water. (Stealth+)))
You have tentacles for arms and can constrict up to eight enemies at once.


Message History

Unknown command.
You completely miss the centaur. You squeeze the centaur.
The centaur is lightly wounded.
The centaur closely misses you. The centaur kicks you.
The centaur closely misses you. The centaur kicks you.
Unknown command.
You barely miss the centaur. You squeeze the centaur!
The centaur is heavily wounded.
The centaur hits you. The centaur closely misses you. The centaur hits you.
The centaur closely misses you.
Unknown command.
You hit the centaur.
The centaur is severely wounded.
The centaur hits you. The centaur misses you. The centaur hits you.
* * * LOW HITPOINT WARNING * * *
The centaur barely misses you.
Unknown command.
You feel better. The centaur misses you. The centaur kicks you.
Casting: Foxfire (safe; 4% risk of failure)
Confirm with . or Enter, or press ? or * to list all spells.
You conjure some foxfire!
The centaur hits you. The centaur barely misses you.
The centaur closely misses you. The centaur barely misses you.
Unknown command.
You barely miss the centaur.
The centaur is heavily wounded.
The foxfire hits the centaur.
The centaur is severely wounded.
The centaur closely misses you. The centaur kicks you. The centaur hits you.
* * * LOW HITPOINT WARNING * * *
The centaur kicks you.
* * * LOW HITPOINT WARNING * * *
Unknown command.
Unknown command.
Unknown command.
Unknown command.
A red film seems to cover your vision as you go berserk!
You feel yourself moving faster!
You feel mighty! The centaur hits you.
* * * LOW HITPOINT WARNING * * *
The centaur kicks you.
You die...

##########.##........
#.......÷...'........
+#####'#####......#.
#..#..# #........
#..'§.# ####'####
#.†#### #.......#
#..#c.# #.......#
#§v#..# #.......#
##@#..#+###...<...#
#§.c..)..##.......#
#........##.......#
###########.......#
#########


You could see a centaur (ally target).

Vanquished Creatures
  A river rat (D)
  An ufetubus (D)
  An endoplasm (D)
  A giant cockroach (D)
  3 jackals (D)
  3 bats (D)
  A kobold (D)
11 creatures vanquished.

Vanquished Creatures (others)
  26 foxfires (D)
26 creatures vanquished.

Grand Total: 37 creatures vanquished

Notes
Turn   | Place    | Note
-------+----------+-------------------------------------------
     0 | D        | Conn the Octopode Fire Elementalist began the quest for the
                  | Orb.
     0 | D        | Reached XP level 1. HP: 11/11 MP: 3/3
    55 | D        | Found a bloodstained altar of Trog.
    55 | D        | Found a shimmering blue altar of Sif Muna.
    55 | D        | Found a viscous altar of Jiyva.
    55 | D        | Found a hazy altar of Hepliaklqana.
    55 | D        | Found an opulent altar of Gozag.
    56 | D        | Found a glowing golden altar of the Shining One.
    56 | D        | Found a glowing silver altar of Zin.
    56 | D        | Found a basalt altar of Yredelemnul.
    56 | D        | Found a shimmering altar of Xom.
    56 | D        | Found an ornate altar of the Wu Jian Council.
    56 | D        | Found a sacrificial altar of Ru.
    56 | D        | Found a stormy altar of Qazlal.
    56 | D        | Found an iron altar of Okawaru.
    56 | D        | Found a sparkling altar of Nemelex Xobeh.
    56 | D        | Found a burning altar of Makhleb.
    56 | D        | Found a blossoming altar of Fedhas.
    56 | D        | Found a white marble altar of Elyvilon.
    56 | D        | Found a shadowy altar of Dithmenos.
    56 | D        | Found a snail-covered altar of Cheibriados.
    57 | D        | Found a radiant altar of Vehumet.
    57 | D        | Found a corrupted altar of Lugonu.
    57 | D        | Found a roughly hewn altar of Beogh.
    58 | D        | Found an ancient bone altar of Kikubaaqudgha.
    58 | D        | Found a hide-covered altar of Uskayaw.
    58 | D        | Found a broken altar of Ashenzari.
    59 | D        | Became a worshipper of Sif Muna the Loreminder
    96 | D        | Reached * piety under Sif Muna
    99 | D        | Reached XP level 2. HP: 4/17 MP: 1/5
   166 | D        | Learned a level 2 spell: Scorch
   170 | D        | Reached ** piety under Sif Muna
   171 | D        | Reached skill level 4 in Fire Magic
   204 | D        | Noticed a centaur
   221 | D        | Reached skill level 1 in Polearms
   282 | D        | Reached XP level 3. HP: 22/22 MP: 5/7
   291 | D        | Learned a level 3 spell: Inner Flame
   309 | D        | Reached *** piety under Sif Muna
   325 | D        | Slain by a centaur

Illustrated notes

Levels and vault maps discovered:
D:        pitsprint [storerooms_1, entrance_room_1, metal_vault_8, armoury_2,
          mini_pit_1, grid_room_1, main_hall_1, silver_pit, the_coven_3,
          the_vestibule_1, steel_vault_1, golden_pit, hallway_of_sentries,
          crystal_vault_4, iron_vault_4, final_vault]

Skill      XL: |  1  2 |
---------------+-------+-----
Stealth        | 3 |  3.4
Fire Magic     | 4 |  4.7
Polearms       | 1 |  1.0
Spellcasting   | 3 |  3.1
Fighting       | |  0.4
Dodging        | |  2.8
Conjurations   | |  1.4

Action                     || total
---------------------------++-------
  Melee: Trident           ||    15
         Constrict         ||     1
         Tentacles         ||     2
   Cast: Foxfire           ||    15
         Inner Flame       ||     1
    Use: Potion            ||     3
   Stab: Sleeping          ||     2
 Armour: Skin              ||    32
  Dodge: Dodged            ||    25

Table legend: (Time is in decaauts)
 A = Elapsed time spent in this place.
 B = Non-inter-level travel time spent in this place.
 C = Inter-level travel time spent in this place.
 D = Time resting spent in this place.
 E = Time spent auto-exploring this place.
 F = Levels seen in this place.
 G = Mean time per level.
                   A        B        C        D        E       F      G
               +--------+--------+--------+--------+--------+-----+--------+
         Total |    328 |    328 |      0 |    168 |      0 |   1 |  328.0 |
       Dungeon |    328 |    328 |      0 |    168 |      0 |   1 |  328.0 |
               +--------+--------+--------+--------+--------+-----+--------+

Top non-repeatable levels by time:
       D: 328 daAuts
